 Dungeon Crawl Stone Soup version 0.27-a0-323-gbd089401bb (webtiles) character file.

Game seed: 4489132478197266679

345 dinky3 the Cutter (level 6, 0/44 HPs)
             Began as an Octopode Monk on Feb 10, 2021.
             Slain by a centaur skeleton (7 damage)
             ... on level 4 of the Dungeon.
             The game lasted 00:06:57 (4304 turns).

dinky3 the Cutter (Octopode Monk)                   Turns: 4304, Time: 00:06:57

Health: 0/44       AC:  1    Str: 10    XL:     6   Next: 58%
Magic:  6/6        EV: 14    Int: 13    God:
Gold:   124        SH:  0    Dex: 16    Spells: 5/5 levels left

rFire    . . .     SeeInvis .   i - +0 dagger (venom)
rCold    . . .     Faith    .   (no shield)
rNeg     . . .     Spirit   .   (helmet restricted)
rPois    .         Reflect  .   (no amulet)
rElec    .         Harm     .   e - ring of flight
rCorr    .         Rampage  .   (no ring)
Will     .....                  (no ring)
Stlth    +++.......             (no ring)
HPRegen  0.14/turn              (no ring)
MPRegen  0.10/turn              (no ring)
                                (no ring)
                                (no ring)

@: no status effects
A: almost no armour, stealthy swim, amphibious, 8 rings, constrict 8, camouflage
1, gelatinous body 1
a: Evoke Flight


You were on level 4 of the Dungeon.
You visited 1 branch of the dungeon, and saw 4 of its levels.

You collected 124 gold pieces.

Inventory:

Hand Weapons
 a - a +0 short sword
 g - a +0 dagger of speed
 i - a +0 dagger of venom (weapon)
 q - a +0 falchion
Missiles
 h - 20 poisoned darts (quivered)
Jewellery
 e - a ring of flight (left tentacle)
Wands
 p - a wand of iceblast (2)
Scrolls
 d - a scroll of random uselessness
 j - a scroll of identify
 k - a scroll of amnesia {unknown}
 l - 2 scrolls of noise {unknown}
 m - a scroll of enchant armour {unknown}
 n - a scroll of magic mapping {unknown}
Potions
 b - a potion of haste
 c - a potion of curing
 f - a potion of mutation {unknown}
 o - a potion of berserk rage {unknown}


   Skills:
 + Level 4.7 Fighting
 + Level 6.0 Short Blades
 + Level 3.1 Dodging
 + Level 2.6 Stealth


You had 5 spell levels left.
You didn't know any spells.
Your spell library was empty.

Dungeon Overview and Level Annotations

Branches:
Dungeon (4/15)
 Temple: D:4-7

Altars:
Elyvilon
Trog


Innate Abilities, Weirdness & Mutations

You cannot wear most types of armour.
You are very stealthy in the water. (Stealth+)
You are amphibious.
You can wear up to eight rings at the same time.
You can use your tentacles to constrict eight enemies at once.
Your skin changes colour to match your surroundings (Stealth+).
Your rubbery body absorbs attacks. (AC +1, EV +1)


Message History

The orc completely misses you.
Blink to where?
Press: ? - help, Dir - move target
As you read the scroll of blinking, it crumbles to dust.
A scorpion comes into view.
Found 8 gold pieces.
Found a dagger.
A worker ant comes into view.
Found a purple potion.
Found a scroll of identify.
f - a purple potion
Found 23 stones.
j - a scroll of identify Your extra speed is starting to run out.
An adder and a skeleton come into view.
You feel yourself slow down.
You hit the centaur skeleton.
The centaur skeleton is lightly damaged.
The centaur skeleton hits you.
* * * LOW HITPOINT WARNING * * *
You hit the centaur skeleton.
The centaur skeleton is lightly damaged.
The centaur skeleton completely misses you.
Unknown command.
You hit the centaur skeleton.
The centaur skeleton is moderately damaged.
The centaur skeleton hits you.
* * * LOW HITPOINT WARNING * * *
You hit the centaur skeleton.
The centaur skeleton is moderately damaged.
The centaur skeleton hits you.
* * * LOW HITPOINT WARNING * * *
You hit the centaur skeleton but do no damage.
The centaur skeleton is moderately damaged.
The centaur skeleton misses you.
The adder hisses angrily.
You hit the centaur skeleton.
The centaur skeleton is heavily damaged.
The centaur skeleton hits you!
You die...

...Z..# .S.##...
##.....##.#### ##....#
....## ####..# ....#
.....## S..# #.....###
#..##### ........#####
##......#..
...#.##...Z.###Z@........
####.##.........#######..
##.#####..........#
###..# #.###.####...
....## #.# #... # ....#
..# ####.. .. ....# ####
.. .. ....... # .##
....### ..#


You could see an adder and a centaur skeleton.

Vanquished Creatures
  A bullfrog (D:2)
  Ijyb (D:3)
  Natasha (D:2)
  An orc wizard (D:3)
  Robin (D:3)
  7 adders
  4 gnolls
  A worm (D:2)
  2 dart slugs (D:1)
  A leopard gecko (D:2)
  8 orcs (D:3)
  2 ball pythons (D:1)
  2 giant cockroaches
  20 goblins
  4 hobgoblins
  3 jackals (D:2)
  A quokka (D:3)
  6 bats
  3 frilled lizards
  8 kobolds
  9 rats
86 creatures vanquished.

Notes
Turn   | Place    | Note
-------+----------+-------------------------------------------
     0 | D:1      | dinky3 the Octopode Monk began the quest for the Orb.
     0 | D:1      | Reached XP level 1. HP: 16/16 MP: 1/1
   185 | D:1      | Reached XP level 2. HP: 21/21 MP: 2/2
   699 | D:1      | Reached XP level 3. HP: 26/26 MP: 3/3
  1233 | D:2      | Reached skill level 4 in Short Blades
  1351 | D:2      | Noticed Natasha
  1355 | D:2      | Killed Natasha
  1356 | D:2      | Reached XP level 4. HP: 33/33 MP: 4/4
  1403 | D:2      | Noticed a bullfrog
  1415 | D:2      | Killed a bullfrog
  1416 | D:2      | Reached XP level 5. HP: 22/37 MP: 5/5
  1538 | D:2      | Reached skill level 5 in Short Blades
  1767 | D:2      | Found a bloodstained altar of Trog.
  2295 | D:3      | Noticed Robin
  2513 | D:3      | Noticed Ijyb
  2535 | D:3      | Killed Ijyb
  2845 | D:3      | Found a white marble altar of Elyvilon.
  2859 | D:3      | Reached XP level 6. HP: 44/44 MP: 6/6
  3607 | D:3      | Killed Robin
  3801 | D:3      | Reached skill level 6 in Short Blades
  4304 | D:4      | Slain by a centaur skeleton

Illustrated notes

Levels and vault maps discovered:
D:1:      minmay_arrival_three_doors, layout_basic, lemuel_old_faithful
D:2:      layout_loops_ring, lightli_temple_of_fire, uniq_natasha
D:3:      layout_basic, nicolae_overflow_hidden_temple, uniq_ijyb, uniq_robin
D:4:      layout_rooms, grunt_gozag_statues, overflow_temple_1_default,
          serial_shops, shop

Skill      XL: |  1  2  3  4  5  6 |
---------------+-------------------+-----
Short Blades   | 4 5 6 |  6.0
Fighting       | 4 |  4.7
Dodging        | |  3.1
Stealth        | |  2.6

Action                   |  1- 3 |  4- 6 || total
-------------------------+-------+-------++-------
Melee: Short sword       |    30 |       ||    30
       Tentacles         |     8 |    39 ||    47
       Constrict         |    12 |    34 ||    46
       Dagger            |    28 |   169 ||   197
Evoke: Wand              |       |     2 ||     2
  Use: Potion            |       |     6 ||     6
       Scroll            |       |     5 ||     5
 Stab: Sleeping          |    12 |     7 ||    19
       Distracted        |       |     1 ||     1
Armor: Skin              |     3 |    16 ||    19
Dodge: Dodged            |    26 |    96 ||   122

Table legend: (Time is in decaauts)
 A = Elapsed time spent in this place.
 B = Non-inter-level travel time spent in this place.
 C = Inter-level travel time spent in this place.
 D = Time resting spent in this place.
 E = Time spent auto-exploring this place.
 F = Levels seen in this place.
 G = Mean time per level.
                   A        B        C        D        E       F      G
               +--------+--------+--------+--------+--------+-----+--------+
         Total |   4169 |   3963 |    206 |    835 |   2165 |   4 | 1042.2 |
       Dungeon |   4169 |   3963 |    206 |    835 |   2165 |   4 | 1042.2 |
               +--------+--------+--------+--------+--------+-----+--------+

Top non-repeatable levels by time:
     D:3: 1533 daAuts
     D:2: 1457 daAuts
     D:1: 1119 daAuts
     D:4: 59 daAuts
